ESL (28 & UNDER)
BUTLER WHITE SOX @ SPRINGFIELD SIMPSONS
07/26/2025
 
TOP OF THE 1ST
Butler White Sox batting - Pitching for Springfield Simpsons : RHP Alberto Parra
Pitching: RHP Alberto Parra
Batting: RHB Richard Bankhead 0-0: Ball
1-0: Ball
2-0: Called Strike
2-1: Swinging Strike
2-2: Ball
3-2: Foul Ball, location: 2F
3-2: Ground out 6-3 (Groundball, 6)
Batting: LHB Pat Weaver 0-0: Called Strike
0-1: SINGLE (Groundball, 25) (infield hit)
Batting: RHB Luis Alou 0-0: Foul Ball, location: 2F
0-1: Called Strike
0-2: Ball
1-2: Ball
2-2: Foul Ball, location: 2F
2-2: Fielders Choice at 2nd, 6-4 (Groundball, 6)
Batting: LHB Mark Everett 0-0: Ball
1-0: Foul Ball, location: 2F
1-1: Called Strike
1-2: SINGLE (Line Drive, 7LS)
Luis Alou to second
Batting: RHB Rodney González 0-0: Foul Ball, location: 2F
0-1: SINGLE (Line Drive, 4MD)
Luis Alou to third
Mark Everett to second
Batting: LHB Don Hull 0-0: Called Strike
0-1: Ground out 4-3 (Groundball, 4)
Top of the 1st over - 0 run(s), 3 hit(s), 0 error(s), 3 left on base; Butler 0 - Springfield 0
BOTTOM OF THE 1ST
Springfield Simpsons batting - Pitching for Butler White Sox : RHP Luis De Los Ángeles
Pitching: RHP Luis De Los Ángeles
Batting: RHB António López 0-0: Foul Ball, location: 2F
0-1: Ball
1-1: SINGLE (Groundball, 56S)
Batting: RHB Manny Ramírez 0-0: Called Strike
0-1: Called Strike
0-2: Ball
1-2: Ball
2-2: Strikes out swinging
Batting: RHB Ángel Garza 0-0: Ball
António López steals 2nd base
1-0: Ball
António López steals 3rd base
2-0: Called Strike
2-1: Swinging Strike
2-2: Foul Ball, location: 2F
2-2: Ground out 1-3 (Groundball, 15)
Batting: RHB Brant Sherman 0-0: Ball
1-0: SINGLE (Line Drive, 4MD)
António López scores
Batting: RHB Gavin Downey 0-0: Called Strike
0-1: Foul Ball, location: 2F
0-2: Fly out, F8 (Flyball, 8RXD)
Bottom of the 1st over - 1 run(s), 2 hit(s), 0 error(s), 1 left on base; Butler 0 - Springfield 1
TOP OF THE 2ND
Butler White Sox batting - Pitching for Springfield Simpsons : RHP Alberto Parra
Batting: RHB Mançio Delmage 0-0: Ball
1-0: Ball
2-0: Called Strike
2-1: Swinging Strike
2-2: Strikes out looking
Batting: RHB Juan Reyes 0-0: Foul Ball, location: 2F
0-1: Ball
1-1: Ball
2-1: Swinging Strike
2-2: Ball
3-2: Foul Ball, location: 2F
3-2: Foul Ball, location: 2F
3-2: Strikes out swinging
Batting: RHB Luis Ramos 0-0: Foul Ball, location: 2F
0-1: Ball
1-1: SINGLE (Groundball, 56D) (infield hit)
Batting: RHB Richard Bankhead 0-0: Called Strike
0-1: Ball
1-1: Called Strike
1-2: Ball
2-2: DOUBLE (Line Drive, 7LD)
Luis Ramos to third
Luis Ramos scores
Batting: LHB Pat Weaver 0-0: Ball
1-0: Ball
2-0: Foul Ball, location: 2F
2-1: SINGLE (Line Drive, 56D)
Richard Bankhead to third
Runner from 3rd tries for Home, SAFE, no throw or cutoff
Batting: RHB Luis Alou 0-0: Ball
1-0: Ball
2-0: Ball
3-0: Foul Ball, location: 2F
3-1: Swinging Strike
3-2: Base on Balls
Pat Weaver to second
Batting: LHB Mark Everett 0-0: Ball
1-0: Called Strike
1-1: Swinging Strike
1-2: Foul Ball, location: 2F
1-2: SINGLE (Line Drive, 34)
Pat Weaver to third
Luis Alou to second
Runner from 3rd tries for Home, SAFE, no throw or cutoff
Batting: RHB Rodney González 0-0: Called Strike
0-1: Called Strike
0-2: Ball
1-2: SINGLE (Line Drive, 56)
Luis Alou to third
Mark Everett to second
Runner from 3rd tries for Home, SAFE, no throw or cutoff
Batting: LHB Don Hull 0-0: Foul Ball, location: 2F
0-1: Ball
1-1: Foul Ball, location: 2F
1-2: Ball
2-2: DOUBLE (Flyball, 89M)
Mark Everett scores
Rodney González to third
Runner from 3rd tries for Home, SAFE, no throw or cutoff
Batting: RHB Mançio Delmage 0-0: Called Strike
0-1: Swinging Strike
0-2: Strikes out swinging
Top of the 2nd over - 6 run(s), 6 hit(s), 0 error(s), 1 left on base; Butler 6 - Springfield 1
BOTTOM OF THE 2ND
Springfield Simpsons batting - Pitching for Butler White Sox : RHP Luis De Los Ángeles
Batting: RHB Marcos Castillo 0-0: Fly out, F9 (Flyball, 9M)
Batting: RHB Tomás Galindo 0-0: Ball
1-0: Called Strike
1-1: Swinging Strike
1-2: Fly out, F2 (Popup, 2LF)
Batting: SHB José Cruz 0-0: Called Strike
0-1: Called Strike
0-2: Foul Ball, location: 2F
0-2: Ball
1-2: Strikes out looking
Bottom of the 2nd over - 0 run(s), 0 hit(s), 0 error(s), 0 left on base; Butler 6 - Springfield 1
TOP OF THE 3RD
Butler White Sox batting - Pitching for Springfield Simpsons : RHP Alberto Parra
Batting: RHB Juan Reyes 0-0: Called Strike
0-1: Called Strike
0-2: Foul Ball, location: 2F
0-2: Ball
1-2: Ground out 5-3 (Groundball, 56)
Batting: RHB Luis Ramos 0-0: Ball
1-0: Ball
2-0: Ball
3-0: Foul Ball, location: 2F
3-1: Base on Balls
Batting: RHB Richard Bankhead 0-0: Ball
1-0: Called Strike
1-1: Foul Ball, location: 2F
1-2: Fly out, F4 (Popup, 34D)
Batting: LHB Pat Weaver 0-0: Ball
1-0: Ball
2-0: Fly out, F8 (Flyball, 8RD)
Top of the 3rd over - 0 run(s), 0 hit(s), 0 error(s), 1 left on base; Butler 6 - Springfield 1
BOTTOM OF THE 3RD
Springfield Simpsons batting - Pitching for Butler White Sox : RHP Luis De Los Ángeles
Batting: RHB Kawanari Hara 0-0: Called Strike
0-1: Ground out 6-3 (Groundball, 6M)
Batting: RHB António López 0-0: Called Strike
0-1: Fly out, F6 (Popup, 6M)
Batting: RHB Manny Ramírez 0-0: Ball
1-0: Ground out 5-3 (Groundball, 56)
Bottom of the 3rd over - 0 run(s), 0 hit(s), 0 error(s), 0 left on base; Butler 6 - Springfield 1
TOP OF THE 4TH
Butler White Sox batting - Pitching for Springfield Simpsons : RHP Alberto Parra
Batting: RHB Luis Alou 0-0: Foul Ball, location: 2F
0-1: Foul Ball, location: 2F
0-2: Foul Ball, location: 2F
0-2: Foul Ball, location: 2F
0-2: Foul Ball, location: 2F
0-2: Ball
1-2: Ball
2-2: SOLO HOME RUN (Flyball, 7D), Distance : 360 ft
Pitching: RHP Ramón Sánchez
Batting: LHB Mark Everett 0-0: Called Strike
0-1: Ball
1-1: Called Strike
1-2: SOLO HOME RUN (Flyball, 9LD), Distance : 367 ft
Batting: RHB Rodney González 0-0: Called Strike
0-1: Ball
1-1: Foul Ball, location: 2F
1-2: Foul Ball, location: 2F
1-2: Ball
2-2: Ball
3-2: Foul Ball, location: 2F
3-2: Ground out 5-3 (Groundball, 5)
Batting: LHB Don Hull 0-0: Ball
1-0: Called Strike
1-1: Ball
2-1: Ball
3-1: Base on Balls
Batting: RHB Mançio Delmage 0-0: Ball
1-0: Ball
2-0: Ball
Throwing error on steal attempt, E2
Don Hull to third
3-0: Called Strike
3-1: Called Strike
3-2: Ground out 6-3 (Groundball, 6M)
Don Hull scores
Batting: RHB Juan Reyes 0-0: Called Strike
0-1: Foul Ball, location: 2F
0-2: Foul Ball, location: 2F
0-2: Ball
1-2: Ball
2-2: Ball
3-2: DOUBLE (Line Drive, 7LM)
Batting: RHB Luis Ramos 0-0: Ball
1-0: Ground out 5-3 (Groundball, 5L)
Top of the 4th over - 3 run(s), 3 hit(s), 1 error(s), 1 left on base; Butler 9 - Springfield 1
BOTTOM OF THE 4TH
Springfield Simpsons batting - Pitching for Butler White Sox : RHP Luis De Los Ángeles
Batting: RHB Ángel Garza 0-0: Called Strike
0-1: Ball
1-1: Called Strike
1-2: Ball
2-2: Foul Ball, location: 2F
2-2: Ball
3-2: SOLO HOME RUN (Flyball, 7D), Distance : 359 ft
Batting: RHB Brant Sherman 0-0: Fly out, F6 (Line Drive, 6)
Batting: RHB Gavin Downey 0-0: Ball
1-0: Called Strike
1-1: Foul Ball, location: 2F
1-2: Fly out, F8 (Flyball, 8LM)
Batting: RHB Marcos Castillo 0-0: DOUBLE (Groundball, 3L)
Batting: RHB Tomás Galindo 0-0: Foul Ball, location: 2F
0-1: Ball
1-1: Ball
2-1: Reached on error, E5 (Groundball, 5)
Marcos Castillo to third
Batting: SHB José Cruz 0-0: Ball
1-0: Ball
2-0: Foul Ball, location: 2F
2-1: Ground out 3-1 (Groundball, 34)
Bottom of the 4th over - 1 run(s), 2 hit(s), 1 error(s), 2 left on base; Butler 9 - Springfield 2
TOP OF THE 5TH
Butler White Sox batting - Pitching for Springfield Simpsons : RHP Ramón Sánchez
Batting: RHB Richard Bankhead 0-0: Fly out, F9 (Flyball, 9M)
Batting: LHB Pat Weaver 0-0: Ball
1-0: Ball
2-0: Called Strike
2-1: Swinging Strike
2-2: Ball
3-2: Fly out, F8 (Flyball, 8RXD)
Batting: RHB Luis Alou 0-0: Called Strike
0-1: Swinging Strike
0-2: Ball
1-2: Ball
2-2: Strikes out swinging
Top of the 5th over - 0 run(s), 0 hit(s), 0 error(s), 0 left on base; Butler 9 - Springfield 2
BOTTOM OF THE 5TH
Springfield Simpsons batting - Pitching for Butler White Sox : RHP Luis De Los Ángeles
Batting: RHB Kawanari Hara 0-0: Called Strike
0-1: Swinging Strike
0-2: Fly out, F3 (Popup, 3SF)
Batting: RHB António López 0-0: Called Strike
0-1: Foul Ball, location: 2F
0-2: Foul Ball, location: 2F
0-2: Ball
1-2: Ball
2-2: Ground out 4-3 (Groundball, 4)
Batting: RHB Manny Ramírez 0-0: Ball
1-0: Called Strike
1-1: Called Strike
1-2: Ball
2-2: Reached on error, E5 (Groundball, 56)
Batting: RHB Ángel Garza 0-0: Ball
1-0: Called Strike
1-1: Foul Ball, location: 2F
1-2: Ball
2-2: Strikes out looking
Bottom of the 5th over - 0 run(s), 0 hit(s), 1 error(s), 1 left on base; Butler 9 - Springfield 2
TOP OF THE 6TH
Butler White Sox batting - Pitching for Springfield Simpsons : RHP Ramón Sánchez
Batting: LHB Mark Everett 0-0: Ball
1-0: Swinging Strike
1-1: Ball
2-1: Ball
3-1: SINGLE (Line Drive, 4MD)
Batting: RHB Rodney González 0-0: Ball
1-0: Swinging Strike
1-1: Called Strike
1-2: Ball
2-2: Foul Ball, location: 2F
2-2: Fly out, F8 (Flyball, 8RS)
Batting: LHB Don Hull 0-0: Called Strike
0-1: Called Strike
0-2: Ball
1-2: Ball
2-2: Foul Ball, location: 2F
2-2: Foul Ball, location: 2F
2-2: Fielders Choice at 2nd, 4-6 (Groundball, 4)
Batting: RHB Mançio Delmage 0-0: Called Strike
0-1: Ball
1-1: Called Strike
1-2: Foul Ball, location: 2F
1-2: Ball
2-2: Ground out 1-3 (Groundball, 23)
Top of the 6th over - 0 run(s), 1 hit(s), 0 error(s), 1 left on base; Butler 9 - Springfield 2
BOTTOM OF THE 6TH
Springfield Simpsons batting - Pitching for Butler White Sox : RHP Luis De Los Ángeles
Batting: RHB Brant Sherman 0-0: Ball
1-0: Ball
2-0: Called Strike
2-1: Foul Ball, location: 2F
2-2: Strikes out swinging
Batting: RHB Gavin Downey 0-0: Called Strike
0-1: Swinging Strike
0-2: Strikes out looking
Batting: RHB Marcos Castillo 0-0: Ball
1-0: Called Strike
1-1: Ball
2-1: Fly out, F9 (Flyball, 89M)
Bottom of the 6th over - 0 run(s), 0 hit(s), 0 error(s), 0 left on base; Butler 9 - Springfield 2
TOP OF THE 7TH
Butler White Sox batting - Pitching for Springfield Simpsons : RHP Ramón Sánchez
Pitching: LHP Manny Aguilar
Batting: RHB Juan Reyes 0-0: Ball
1-0: Called Strike
1-1: Ball
2-1: Swinging Strike
2-2: Strikes out swinging
Batting: RHB Luis Ramos 0-0: Swinging Strike
0-1: Ball
1-1: Foul Ball, location: 2F
1-2: Strikes out swinging
Batting: RHB Richard Bankhead 0-0: Called Strike
0-1: Ball
1-1: Ball
2-1: Foul Ball, location: 2F
2-2: Fly out, F8 (Line Drive, 8LS)
Top of the 7th over - 0 run(s), 0 hit(s), 0 error(s), 0 left on base; Butler 9 - Springfield 2
BOTTOM OF THE 7TH
Springfield Simpsons batting - Pitching for Butler White Sox : RHP Luis De Los Ángeles
Batting: RHB Tomás Galindo 0-0: Ball
1-0: Fly out, F3 (Popup, 3DF)
Batting: SHB José Cruz 0-0: Called Strike
0-1: Ball
1-1: Ground out 1-3 (Groundball, 15S)
Batting: RHB Kawanari Hara 0-0: Called Strike
0-1: Ball
1-1: Swinging Strike
1-2: Ground out 6-3 (Groundball, 6)
Bottom of the 7th over - 0 run(s), 0 hit(s), 0 error(s), 0 left on base; Butler 9 - Springfield 2
TOP OF THE 8TH
Butler White Sox batting - Pitching for Springfield Simpsons : LHP Manny Aguilar
Batting: LHB Pat Weaver 0-0: Ball
1-0: Ball
2-0: Bunted foul
2-1: SINGLE (Line Drive, 6)
Batting: RHB Luis Alou 0-0: Called Strike
0-1: Ball
1-1: Ball
2-1: 2-RUN HOME RUN (Flyball, 7LD), Distance : 374 ft
Batting: LHB Mark Everett 0-0: Ball
1-0: Ball
2-0: SOLO HOME RUN (Flyball, 8RXD), Distance : 430 ft
Batting: RHB Rodney González 0-0: Called Strike
0-1: Called Strike
0-2: Strikes out looking
Batting: LHB Don Hull 0-0: Ball
1-0: Swinging Strike
1-1: Fly out, F6 (Popup, 6MD)
Batting: RHB Mançio Delmage 0-0: Foul Ball, location: 2F
0-1: Ball
1-1: Ground out 1-3 (Groundball, 15)
Top of the 8th over - 3 run(s), 3 hit(s), 0 error(s), 0 left on base; Butler 12 - Springfield 2
BOTTOM OF THE 8TH
Springfield Simpsons batting - Pitching for Butler White Sox : RHP Luis De Los Ángeles
Pitching: LHP Domingo Morales
Now at 2B: Tomás Escobar
Batting: RHB António López 0-0: Ball
1-0: Swinging Strike
1-1: Hit by Pitch
Batting: RHB Manny Ramírez 0-0: Called Strike
0-1: Called Strike
0-2: Ball
1-2: Foul Ball, location: 2F
1-2: Foul Ball, location: 2F
1-2: Strikes out swinging
Batting: RHB Ángel Garza 0-0: Called Strike
0-1: SINGLE (Groundball, 34)
António López to second
Runner from 2nd tries for 3rd, SAFE, throw made to third
Batting: RHB Brant Sherman 0-0: Ball
1-0: Called Strike
1-1: SINGLE (Line Drive, 56)
António López scores
Ángel Garza to second
Batting: RHB Gavin Downey 0-0: Fly out, F9 (Line Drive, 9M)
Batting: RHB Marcos Castillo 0-0: Ball
1-0: Ball
2-0: 3-RUN HOME RUN (Flyball, 7D), Distance : 367 ft
Pitching: RHP Barry Garner
Batting: RHB Tomás Galindo 0-0: Ball
1-0: Called Strike
1-1: Called Strike
1-2: Foul Ball, location: 2F
1-2: SINGLE (Groundball, 6MD) (infield hit)
Batting: SHB José Cruz 0-0: Called Strike
0-1: Ball
1-1: Ball
2-1: Swinging Strike
2-2: Ball
3-2: Base on Balls
Tomás Galindo to second
Batting: RHB Kawanari Hara 0-0: Foul Ball, location: 2F
0-1: Foul Ball, location: 2F
0-2: Ball
1-2: Strikes out swinging
Bottom of the 8th over - 4 run(s), 4 hit(s), 0 error(s), 2 left on base; Butler 12 - Springfield 6
TOP OF THE 9TH
Butler White Sox batting - Pitching for Springfield Simpsons : LHP Manny Aguilar
Pitching: RHP Dave Adams
Batting: RHB Juan Reyes 0-0: Called Strike
0-1: Ball
1-1: Ball
2-1: Called Strike
2-2: SINGLE (Flyball, 7LM)
Batting: RHB Luis Ramos 0-0: Ball
1-0: Sac Bunt - play at first, batter OUT! 2-4
Juan Reyes to second
Batting: RHB Richard Bankhead 0-0: Swinging Strike
0-1: Ground out 5-3 (Groundball, 56)
Batting: LHB Pat Weaver 0-0: Ball
1-0: Ball
2-0: Fly out, F8 (Flyball, 8RD)
Top of the 9th over - 0 run(s), 1 hit(s), 0 error(s), 1 left on base; Butler 12 - Springfield 6
BOTTOM OF THE 9TH
Springfield Simpsons batting - Pitching for Butler White Sox : RHP Barry Garner
Now at 3B: Enrique Bermúdez
Now at SS: Luis Alvarado
Batting: RHB António López 0-0: Ball
1-0: Called Strike
1-1: Ground out 5-3 (Groundball, 15S)
Batting: RHB Manny Ramírez 0-0: Ball
1-0: Called Strike
1-1: Ball
2-1: Ball
3-1: Foul Ball, location: 2F
3-2: Strikes out swinging
Batting: RHB Ángel Garza 0-0: Ball
1-0: Called Strike
1-1: Swinging Strike
1-2: Foul Ball, location: 2F
1-2: Foul Ball, location: 2F
1-2: Strikes out swinging
Bottom of the 9th over - 0 run(s), 0 hit(s), 0 error(s), 0 left on base; Butler 12 - Springfield 6
This league is powered by Out of the Park Baseball, the baseball management simulation game for PC, Mac and Linux
Tuesday, August 2nd, 2016 - OOTP Baseball 16.8 Build 38